 Dungeon Crawl Stone Soup version 0.18-b1-22-ge198996 (webtiles) character file.

429 Gingerlord the Ruffian (level 6, -9/40 HPs)
             Began as a Gargoyle Monk on May 3, 2016.
             Mangled by an ogre
             ... wielding a +0 giant club
              (12 damage)
             ... on level 4 of the Dungeon.
             The game lasted 00:06:46 (2294 turns).

Gingerlord the Ruffian (Gargoyle Monk)              Turns: 2294, Time: 00:06:46

Health: -9/40      AC: 12    Str: 16    XL:     6   Next: 98%
Magic:  6/6        EV: 11    Int: 11    God:
Gold:   115        SH:  0    Dex: 12    Spells: 0 memorised, 5 levels left

rFire  . . .     SeeInvis .       - Unarmed
rCold  . . .     Gourm    .     j - +0 scale mail
rNeg   + . .     Faith    .     (no shield)
rPois  ∞         Spirit   .     (no helmet)
rElec  +         Dismiss  .     d - +0 cloak
rCorr  .         Reflect  .     (no gloves)
SustAt .         Harm     .     (no boots)
MR     .....                    (no amulet)
Stlth  +.........               (no ring)
                                (no ring)

@: hasted, very quick, not resistant to hostile enchantments, very unstealthy
A: negative energy resistance 1, electricity resistance, unbreathing,
petrification resistance, rot immunity, AC +4
a: no special abilities


You were on level 4 of the Dungeon.
You were hungry.

You visited 1 branch of the dungeon, and saw 4 of its levels.
You also visited: Ossuary.

You collected 115 gold pieces.

Inventory:

Missiles
 w - 6 javelins of penetration (quivered)
Armour
 a - a +0 robe
 d - a +0 cloak (worn)
 e - a +0 plate armour
 j - a +0 scale mail (worn)
Jewellery
 m - an uncursed amulet of rage
Scrolls
 f - 3 scrolls of fear {unknown}
 g - 2 scrolls of remove curse
 i - 4 scrolls of identify
Potions
 c - 4 potions of heal wounds {unknown}
 h - 2 potions of mutation {unknown}
 k - a potion of haste
 l - a potion of lignification {unknown}
 o - a potion of might
 q - a potion of curing {unknown}
 s - a potion of invisibility {unknown}
 t - a potion of agility {unknown}
 u - a potion of cancellation {unknown}
Comestibles
 b - 2 bread rations
 n - a meat ration


   Skills:
 + Level 5.1 Fighting
 + Level 3.4 Armour
 + Level 3.6 Dodging
 - Level 2.1 Stealth
 + Level 5.3 Unarmed Combat


You had 5 spell levels left.
You didn't know any spells.

Dungeon Overview and Level Annotations

Branches:
Dungeon (4/15)             Temple (0/1) D:4

Altars:
Gozag
Okawaru


Innate Abilities, Weirdness & Mutations

You are resistant to torment.
Your stone body is resilient (AC +4).
You are immune to poison.
You resist negative energy.
You are resistant to electric shocks.
You can survive without breathing.
You are immune to petrification.
You are immune to rotting.


Message History

The gnoll zombie hits you but does no damage.
You hit the mummy.
The mummy is severely damaged.
The mummy hits you!
* * * LOW HITPOINT WARNING * * *
The hobgoblin zombie hits you but does no damage.
The gnoll zombie hits you.
* * * LOW HITPOINT WARNING * * *
Welcome back to the Dungeon!
The ogre barely misses you.
The rat zombie bites you but does no damage.
The quokka zombie bites you but does no damage.
The orc wizard casts a spell.
The orc wizard flickers and vanishes!
Deactivating autopickup; reactivate with Ctrl-A.
There is a collapsed entrance here.
Drink which item? (? for menu, Esc to quit)
It was a potion of haste.
You feel yourself speed up.
The rat zombie bites you but does no damage.
The ogre hits you with a giant club!
You die...

... ####.## ho.# ......#
..## .#.#..# ...# .#.#..###
...# ........#####.
######..## ..............
#....#... .......<......
#MZ###.# #..#..........
#@Z....## ...+..........
#MO###.{# # #.##
####..........
#....#..#.##.##...
#...........######........#
#..................[....###
#....###.....##...#O..$....
#...## ... #(#.#.....### .
#.#.#..../# #.#....$..#


You could see an ogre, 2 mummies, a rat zombie and a quokka zombie.

Vanquished Creatures
  A sky beast (D:4)
  The ghost of chicagocrazy the Charlatan, an amateur DDAr (D:3)
  2 orc priests
  3 orc wizards
  Jessica (D:3)
  3 adders
  An ooze (D:2)
  A dart slug (D:1)
  3 giant geckos
  6 orcs
  2 ball pythons
  9 bats
  A giant cockroach (D:4)
  3 gnoll zombies (Ossuary)
  6 hobgoblins
  3 quokkas (D:2)
  3 giant newts
  4 goblins
  4 kobolds
  3 rats
60 creatures vanquished.

Notes
Turn   | Place    | Note
--------------------------------------------------------------
     0 | D:1      | Gingerlord the Gargoyle Monk began the quest for the Orb.
     0 | D:1      | Reached XP level 1. HP: 14/14 MP: 1/1
    84 | D:1      | Reached XP level 2. HP: 5/19 MP: 2/2
   784 | D:2      | Reached skill level 1 in Armour
   784 | D:2      | Reached XP level 3. HP: 20/23 MP: 3/3
   844 | D:2      | Found an iron altar of Okawaru.
   949 | D:2      | Found an opulent altar of Gozag.
  1229 | D:3      | Noticed Jessica
  1397 | D:3      | Reached XP level 4. HP: 25/29 MP: 4/4
  1401 | D:3      | Killed Jessica
  1412 | D:3      | Noticed chicagocrazy's ghost (amateur DDAr)
  1442 | D:3      | Killed chicagocrazy's ghost
  1442 | D:3      | Reached XP level 5. HP: 25/34 MP: 5/5
  1738 | D:3      | Reached skill level 5 in Unarmed Combat
  1738 | D:3      | Reached XP level 6. HP: 39/39 MP: 6/6
  2040 | D:4      | Noticed a sky beast
  2055 | D:4      | Killed a sky beast
  2079 | D:4      | Reached skill level 5 in Fighting
  2113 | D:4      | Found a staircase to the Ecumenical Temple.
  2254 | D:4      | Found a sand-covered staircase.
  2262 | Ossuary  | Entered an ossuary
  2294 | D:4      | Mangled by an ogre

Skill      XL: |  1  2  3  4  5  6 |
---------------+-------------------+-----
Armour         | 1 2 3 |  3.4
Fighting       | 4 5 |  5.1
Dodging        | 3 |  3.6
Unarmed Combat | 5 |  5.3
Stealth        | |  2.1

Action                   |  1- 3 |  4- 6 || total
-------------------------+-------+-------++-------
Melee: Unarmed           |   169 |   165 ||   334
       Punch             |     4 |     9 ||    13
  Use: Scroll            |     2 |     5 ||     7
       Potion            |       |     1 ||     1
  Eat: Chunk             |     2 |     2 ||     4
Armor: Robe              |    26 |       ||    26
       Scale mail        |    36 |   113 ||   149
Dodge: Dodged            |   108 |    80 ||   188
